[ PARTIDA AOE2 · #467084488 ]
Team RMJemeres vs Vietnamese
[ ANÁLISIS DE REPETICIÓN · EXTRAÍDO DE LA PARTIDA GRABADA ]
Feudal
15:27
Castillos
18:30
Imperial
44:41
| APM promedio | 45.5 |
| APM pico | 81 |
| eAPM promedio | 29.4 |
| Aldeanos / militares | 144 / 482 |
Foco
⚔️ 42.0% · 🌾 58.0%
Scout Cavalry ×288 · Ballista Elephant ×148 · Knight ×31 · Trebuchet (Packed) ×14 · Fishing Ship ×11 · Demolition Raft ×1
Feudal
16:20
Castillos
21:02
Imperial
48:09
| APM promedio | 14.1 |
| APM pico | 49 |
| eAPM promedio | 6.9 |
| Aldeanos / militares | 51 / 94 |
Foco
⚔️ 44.1% · 🌾 55.9%
Archer ×47 · Mangonel ×31 · Fire Lancer ×16
Feudal
14:31
Castillos
24:54
Imperial
47:55
| APM promedio | 31.3 |
| APM pico | 117 |
| eAPM promedio | 20.5 |
| Aldeanos / militares | 121 / 283 |
Foco
⚔️ 41.3% · 🌾 58.7%
Militia ×134 · Spearman ×73 · Knight ×44 · Trebuchet (Packed) ×19 · Scout Cavalry ×13
Feudal
13:38
Castillos
17:58
Imperial
44:43
| APM promedio | 49.5 |
| APM pico | 117 |
| eAPM promedio | 21.2 |
| Aldeanos / militares | 201 / 497 |
Foco
⚔️ 35.1% · 🌾 64.9%
Fire Lancer ×457 · Battering Ram ×19 · Iron Pagoda ×9 · Trebuchet (Packed) ×8 · War Wagon ×4 · Unknown (1105) ×1
Mapa de la partida
Recursos al inicio + cada clic de construcción. Línea gruesa = muro · recuadro discontinuo = muro de casas detectado. 🟡 oro · ⚪ piedra · 🟢 bayas · 🔶 jabalí · ⭕ reliquia
Tu base· Abierta — flanco sin cerrar
Base de louis77713· Abierta — flanco sin cerrar
Base de [PLGRS]YaMmEr'23· Abierta — flanco sin cerrar
Base de brochetjb· Abierta — flanco sin cerrar
Terreno con relieve · ⚠ = hueco de muro detectado · pasá el cursor para detalles
Inputs por minuto
— ohdarling_leo'11 - - louis77713
Build order — ohdarling_leo'11
Primeras 150 de 846 acciones detectadas
| 1:20 | Construir | Town Center |
| 2:57 | Crear | Villager (Male) |
| 2:58 | Crear | Villager (Male) |
| 2:58 | Crear | Villager (Male) |
| 2:59 | Crear | Villager (Male) |
| 3:26 | Construir | House |
| 3:33 | Investigar | Loom |
| 3:33 | Crear | Villager (Male) |
| 3:36 | Construir | House |
| 4:02 | Crear | Villager (Male) |
| 5:01 | Crear | Villager (Male) |
| 5:02 | Crear | Villager (Male) |
| 5:35 | Crear | Villager (Male) |
| 5:35 | Crear | Villager (Male) |
| 6:20 | Crear | Villager (Male) |
| 6:34 | Crear | Villager (Male) |
| 7:08 | Crear | Villager (Male) |
| 7:43 | Construir | House |
| 8:37 | Crear | Villager (Male) |
| 8:38 | Crear | Villager (Male) |
| 8:58 | Construir | Dock |
| 9:02 | Construir | House |
| 9:06 | Crear | Villager (Male) |
| 9:07 | Crear | Villager (Male) |
| 9:10 | Construir | Lumber Camp |
| 9:12 | Crear | Villager (Male) |
| 9:44 | Crear | Fishing Ship |
| 9:44 | Crear | Fishing Ship |
| 10:00 | Crear | Fishing Ship |
| 10:00 | Crear | Fishing Ship |
| 10:07 | Crear | Villager (Male) |
| 10:38 | Construir | Mill |
| 10:48 | Crear | Villager (Male) |
| 10:48 | Crear | Villager (Male) |
| 11:18 | Crear | Fishing Ship |
| 11:28 | Construir | House |
| 11:52 | Crear | Fishing Ship |
| 12:08 | Construir | Mill |
| 12:13 | Crear | Villager (Male) |
| 12:14 | Crear | Villager (Male) |
| 12:43 | Construir | House |
| 12:48 | Crear | Fishing Ship |
| 13:17 | Investigar | Feudal Age |
| 13:17 | Crear | Villager (Male) |
| 13:17 | Crear | Villager (Male) |
| 13:37 | Crear | Villager (Male) |
| 13:38 | Crear | Villager (Male) |
| 14:19 | Crear | Villager (Male) |
| 14:20 | Crear | Villager (Male) |
| 14:23 | Crear | Fishing Ship |
| 14:31 | Construir | House |
| 15:27 | Edad | Edad Feudal |
| 15:33 | Construir | Stable |
| 15:50 | Investigar | Castle Age |
| 15:50 | Crear | Villager (Male) |
| 15:50 | Crear | Villager (Male) |
| 16:00 | Construir | Mining Camp |
| 16:10 | Crear | Villager (Male) |
| 16:11 | Crear | Villager (Male) |
| 16:14 | Investigar | Double-Bit Axe |
| 16:49 | Construir | House |
| 17:05 | Investigar | Gold Mining |
| 17:06 | Crear | Villager (Male) |
| 17:07 | Crear | Villager (Male) |
| 17:22 | Construir | Blacksmith |
| 17:44 | Crear | Villager (Male) |
| 17:53 | Investigar | Horse Collar |
| 17:53 | Crear | Villager (Male) |
| 17:54 | Crear | Villager (Male) |
| 18:09 | Construir | House |
| 18:13 | Investigar | Scale Barding Armor |
| 18:30 | Edad | Edad de los Castillos |
| 18:34 | Crear | Knight |
| 18:34 | Crear | Knight |
| 18:36 | Crear | Knight |
| 18:39 | Crear | Villager (Male) |
| 18:40 | Crear | Villager (Male) |
| 19:25 | Investigar | Bow Saw |
| 19:25 | Investigar | Bow Saw |
| 19:27 | Crear | Villager (Male) |
| 19:28 | Crear | Villager (Male) |
| 19:36 | Crear | Knight |
| 20:12 | Crear | Knight |
| 20:17 | Investigar | Gold Mining |
| 20:40 | Construir | Town Center |
| 21:05 | Crear | Knight |
| 21:05 | Crear | Knight |
| 21:14 | Crear | Fishing Ship |
| 21:14 | Crear | Fishing Ship |
| 21:57 | Crear | Villager (Male) |
| 21:57 | Crear | Villager (Male) |
| 22:21 | Investigar | Chain Barding Armor |
| 22:22 | Investigar | Chain Barding Armor |
| 23:25 | Crear | Knight |
| 23:45 | Crear | Knight |
| 23:45 | Crear | Knight |
| 23:51 | Crear | Villager (Male) |
| 23:52 | Crear | Villager (Male) |
| 23:52 | Crear | Villager (Male) |
| 23:52 | Crear | Villager (Male) |
| 23:52 | Crear | Villager (Male) |
| 23:58 | Crear | Villager (Male) |
| 23:58 | Crear | Villager (Male) |
| 23:59 | Investigar | Stone Mining |
| 25:18 | Crear | Villager (Male) |
| 25:18 | Crear | Villager (Male) |
| 25:18 | Crear | Villager (Male) |
| 25:19 | Crear | Villager (Male) |
| 25:20 | Crear | Villager (Male) |
| 25:20 | Crear | Villager (Male) |
| 25:21 | Crear | Villager (Male) |
| 25:23 | Construir | Mining Camp |
| 25:37 | Construir | House |
| 25:38 | Construir | House |
| 25:58 | Construir | Town Center |
| 26:10 | Construir | Town Center |
| 26:16 | Construir | House |
| 26:16 | Construir | House |
| 26:39 | Crear | Villager (Male) |
| 26:40 | Crear | Villager (Male) |
| 27:04 | Construir | Market |
| 27:22 | Construir | Farm |
| 27:25 | Crear | Villager (Male) |
| 27:59 | Construir | Mill |
| 28:13 | Construir | Castle |
| 28:23 | Construir | House |
| 28:24 | Construir | House |
| 28:24 | Construir | House |
| 28:27 | Crear | Villager (Male) |
| 28:27 | Crear | Villager (Male) |
| 28:42 | Crear | Villager (Male) |
| 28:43 | Crear | Villager (Male) |
| 28:54 | Crear | Villager (Male) |
| 29:16 | Crear | Ballista Elephant |
| 29:16 | Crear | Ballista Elephant |
| 29:46 | Crear | Ballista Elephant |
| 29:46 | Crear | Ballista Elephant |
| 30:19 | Crear | Villager (Male) |
| 30:20 | Crear | Villager (Male) |
| 30:43 | Construir | Stable |
| 30:44 | Construir | Stable |
| 30:57 | Crear | Villager (Male) |
| 30:58 | Crear | Villager (Male) |
| 31:13 | Construir | Blacksmith |
| 31:18 | Construir | Mill |
| 31:43 | Construir | Castle |
| 32:53 | Crear | Ballista Elephant |
| 32:53 | Crear | Ballista Elephant |
| 32:53 | Crear | Ballista Elephant |
| 33:05 | Construir | Mill |
Build order — louis77713
Primeras 150 de 219 acciones detectadas
| 2:44 | Construir | Town Center |
| 4:37 | Crear | Villager (Male) |
| 4:37 | Crear | Villager (Male) |
| 4:37 | Crear | Villager (Male) |
| 4:38 | Crear | Villager (Male) |
| 4:46 | Construir | House |
| 4:51 | Construir | House |
| 5:19 | Construir | House |
| 6:14 | Crear | Villager (Male) |
| 6:32 | Crear | Villager (Male) |
| 7:14 | Crear | Villager (Male) |
| 7:48 | Crear | Villager (Male) |
| 7:50 | Crear | Villager (Male) |
| 7:55 | Construir | Lumber Camp |
| 8:36 | Crear | Villager (Male) |
| 9:13 | Crear | Villager (Male) |
| 9:14 | Crear | Villager (Male) |
| 9:37 | Crear | Villager (Male) |
| 9:44 | Crear | Villager (Male) |
| 10:14 | Crear | Villager (Male) |
| 10:25 | Construir | House |
| 10:32 | Crear | Villager (Male) |
| 11:23 | Crear | Villager (Male) |
| 12:12 | Crear | Villager (Male) |
| 12:14 | Crear | Villager (Male) |
| 12:52 | Construir | Mill |
| 13:00 | Crear | Villager (Male) |
| 13:29 | Investigar | Loom |
| 14:10 | Investigar | Feudal Age |
| 14:34 | Construir | Barracks |
| 14:43 | Crear | Villager (Male) |
| 14:46 | Crear | Villager (Male) |
| 14:49 | Crear | Villager (Male) |
| 14:51 | Crear | Villager (Male) |
| 15:53 | Construir | House |
| 16:20 | Edad | Edad Feudal |
| 16:23 | Construir | Market |
| 16:44 | Construir | Blacksmith |
| 17:05 | Construir | Mining Camp |
| 18:22 | Investigar | Castle Age |
| 19:01 | Investigar | Double-Bit Axe |
| 19:17 | Construir | Archery Range |
| 19:35 | Construir | Farm |
| 19:49 | Construir | Farm |
| 19:53 | Construir | Farm |
| 19:55 | Construir | Farm |
| 20:24 | Investigar | Gold Mining |
| 20:42 | Construir | House |
| 20:45 | Construir | House |
| 20:48 | Construir | House |
| 21:02 | Edad | Edad de los Castillos |
| 21:07 | Construir | Farm |
| 21:10 | Crear | Villager (Male) |
| 21:11 | Crear | Villager (Male) |
| 21:14 | Crear | Villager (Male) |
| 22:09 | Investigar | Pikeman (upgrade) |
| 22:53 | Crear | Villager (Male) |
| 22:56 | Crear | Villager (Male) |
| 22:57 | Crear | Villager (Male) |
| 23:03 | Crear | Fire Lancer |
| 23:03 | Crear | Fire Lancer |
| 23:15 | Crear | Villager (Male) |
| 23:39 | Investigar | Stone Mining |
| 23:49 | Crear | Fire Lancer |
| 23:51 | Crear | Fire Lancer |
| 24:09 | Investigar | Scale Mail Armor |
| 24:45 | Construir | Town Center |
| 24:55 | Crear | Fire Lancer |
| 25:15 | Investigar | Crossbowman (upgrade) |
| 26:29 | Crear | Villager (Male) |
| 26:30 | Crear | Villager (Male) |
| 26:31 | Crear | Villager (Male) |
| 26:32 | Crear | Villager (Male) |
| 26:32 | Crear | Villager (Male) |
| 26:45 | Construir | Castle |
| 27:05 | Investigar | Squires |
| 27:37 | Investigar | Padded Archer Armor |
| 27:59 | Crear | Archer |
| 28:00 | Crear | Archer |
| 28:01 | Crear | Archer |
| 28:18 | Construir | Mining Camp |
| 28:28 | Crear | Fire Lancer |
| 28:28 | Crear | Fire Lancer |
| 28:50 | Crear | Archer |
| 28:51 | Crear | Villager (Male) |
| 28:52 | Crear | Villager (Male) |
| 28:53 | Crear | Villager (Male) |
| 29:05 | Construir | Town Center |
| 29:11 | Investigar | Bow Saw |
| 29:18 | Investigar | Horse Collar |
| 29:37 | Construir | Archery Range |
| 29:45 | Crear | Archer |
| 29:49 | Crear | Fire Lancer |
| 29:59 | Investigar | Leather Archer Armor |
| 30:03 | Investigar | Fletching |
| 30:23 | Construir | Farm |
| 30:25 | Construir | Farm |
| 30:29 | Crear | Villager (Male) |
| 30:30 | Crear | Villager (Male) |
| 31:09 | Crear | Archer |
| 31:09 | Crear | Archer |
| 31:37 | Construir | Farm |
| 31:39 | Construir | Farm |
| 31:42 | Construir | Blacksmith |
| 31:50 | Construir | Farm |
| 33:03 | Construir | University |
| 33:41 | Investigar | Leather Archer Armor |
| 33:42 | Investigar | Bodkin Arrow |
| 33:47 | Investigar | Chain Mail Armor |
| 36:05 | Investigar | Forging |
| 36:43 | Construir | Siege Workshop |
| 36:58 | Investigar | Stone Shaft Mining |
| 37:20 | Construir | Archery Range |
| 37:22 | Construir | Archery Range |
| 37:25 | Construir | Archery Range |
| 37:31 | Crear | Mangonel |
| 37:34 | Crear | Mangonel |
| 37:54 | Crear | Fire Lancer |
| 37:55 | Crear | Fire Lancer |
| 37:55 | Crear | Fire Lancer |
| 37:56 | Crear | Fire Lancer |
| 38:15 | Crear | Archer |
| 38:16 | Crear | Archer |
| 38:18 | Investigar | Thumb Ring |
| 39:41 | Crear | Archer |
| 39:41 | Crear | Archer |
| 39:41 | Crear | Archer |
| 39:42 | Crear | Archer |
| 39:43 | Crear | Archer |
| 40:01 | Construir | Archery Range |
| 41:57 | Construir | Castle |
| 42:36 | Crear | Archer |
| 42:36 | Crear | Archer |
| 42:37 | Crear | Archer |
| 42:37 | Crear | Archer |
| 42:37 | Crear | Archer |
| 42:37 | Crear | Archer |
| 43:52 | Crear | Villager (Male) |
| 43:53 | Crear | Villager (Male) |
| 43:53 | Crear | Villager (Male) |
| 43:53 | Crear | Villager (Male) |
| 44:32 | Construir | Lumber Camp |
| 44:59 | Investigar | Imperial Age |
| 45:24 | Construir | Stone Wall |
| 45:54 | Construir | Stone Wall |
| 46:20 | Investigar | Ballistics |
| 46:29 | Crear | Archer |
| 46:29 | Crear | Archer |
| 46:30 | Crear | Archer |
| 46:30 | Crear | Archer |
Build order — [PLGRS]YaMmEr'23
Primeras 150 de 537 acciones detectadas
| 2:02 | Construir | Town Center |
| 3:46 | Construir | House |
| 3:49 | Crear | Villager (Male) |
| 3:50 | Crear | Villager (Male) |
| 3:50 | Crear | Villager (Male) |
| 3:53 | Crear | Villager (Male) |
| 3:53 | Crear | Villager (Male) |
| 4:26 | Construir | House |
| 5:07 | Crear | Villager (Male) |
| 5:07 | Crear | Villager (Male) |
| 5:48 | Crear | Villager (Male) |
| 5:48 | Crear | Villager (Male) |
| 6:47 | Crear | Villager (Male) |
| 6:47 | Crear | Villager (Male) |
| 7:01 | Crear | Villager (Male) |
| 7:01 | Crear | Villager (Male) |
| 8:01 | Crear | Villager (Male) |
| 8:01 | Crear | Villager (Male) |
| 8:10 | Construir | House |
| 9:30 | Crear | Villager (Male) |
| 9:30 | Crear | Villager (Male) |
| 10:20 | Crear | Villager (Male) |
| 10:28 | Construir | Lumber Camp |
| 10:55 | Construir | Mill |
| 11:38 | Construir | House |
| 11:54 | Crear | Villager (Male) |
| 12:21 | Investigar | Feudal Age |
| 12:21 | Investigar | Loom |
| 13:02 | Construir | Barracks |
| 14:08 | Construir | Mining Camp |
| 14:31 | Edad | Edad Feudal |
| 14:36 | Crear | Villager (Male) |
| 14:36 | Crear | Villager (Male) |
| 14:42 | Investigar | Wheelbarrow |
| 15:23 | Crear | Villager (Male) |
| 15:23 | Crear | Villager (Male) |
| 15:23 | Crear | Villager (Male) |
| 15:35 | Crear | Villager (Male) |
| 15:36 | Crear | Villager (Male) |
| 15:38 | Investigar | Double-Bit Axe |
| 15:48 | Crear | Villager (Male) |
| 15:48 | Crear | Villager (Male) |
| 17:25 | Investigar | Gold Mining |
| 18:09 | Construir | House |
| 18:39 | Construir | Stable |
| 18:54 | Construir | Blacksmith |
| 19:01 | Crear | Villager (Male) |
| 19:01 | Crear | Villager (Male) |
| 19:13 | Crear | Villager (Male) |
| 20:03 | Construir | House |
| 20:06 | Construir | House |
| 20:17 | Construir | House |
| 21:08 | Construir | Mining Camp |
| 21:38 | Construir | Mill |
| 22:14 | Investigar | Castle Age |
| 22:15 | Investigar | Castle Age |
| 23:33 | Investigar | Scale Barding Armor |
| 23:58 | Construir | Farm |
| 24:01 | Construir | Farm |
| 24:05 | Construir | Farm |
| 24:19 | Construir | Farm |
| 24:23 | Construir | Farm |
| 24:27 | Construir | Farm |
| 24:31 | Construir | Farm |
| 24:54 | Edad | Edad de los Castillos |
| 25:02 | Investigar | Stone Mining |
| 25:27 | Construir | Town Center |
| 25:31 | Crear | Villager (Male) |
| 25:32 | Crear | Villager (Male) |
| 25:35 | Crear | Villager (Male) |
| 25:35 | Crear | Villager (Male) |
| 25:36 | Crear | Villager (Male) |
| 25:47 | Investigar | Bow Saw |
| 25:54 | Crear | Villager (Male) |
| 25:54 | Crear | Villager (Male) |
| 26:39 | Investigar | Gambesons |
| 26:41 | Investigar | Man-at-Arms (upgrade) |
| 26:57 | Crear | Villager (Male) |
| 26:57 | Crear | Villager (Male) |
| 26:57 | Crear | Villager (Male) |
| 27:00 | Construir | Farm |
| 27:03 | Construir | Farm |
| 27:06 | Construir | Farm |
| 27:14 | Construir | Farm |
| 27:15 | Crear | Villager (Male) |
| 27:15 | Crear | Villager (Male) |
| 27:19 | Construir | Farm |
| 27:33 | Construir | Farm |
| 27:36 | Construir | Farm |
| 27:40 | Construir | Farm |
| 27:43 | Crear | Villager (Male) |
| 27:43 | Crear | Villager (Male) |
| 28:07 | Crear | Villager (Male) |
| 28:07 | Crear | Villager (Male) |
| 28:11 | Crear | Villager (Male) |
| 28:37 | Construir | Farm |
| 28:40 | Crear | Villager (Male) |
| 28:40 | Crear | Villager (Male) |
| 28:40 | Crear | Villager (Male) |
| 28:53 | Crear | Villager (Male) |
| 28:53 | Crear | Villager (Male) |
| 28:53 | Crear | Villager (Male) |
| 29:05 | Investigar | Long Swordsman (upgrade) |
| 29:09 | Crear | Militia |
| 29:09 | Crear | Militia |
| 29:42 | Construir | Castle |
| 29:51 | Crear | Villager (Male) |
| 29:51 | Crear | Villager (Male) |
| 29:51 | Crear | Villager (Male) |
| 30:02 | Crear | Militia |
| 30:02 | Crear | Militia |
| 30:03 | Crear | Militia |
| 30:03 | Crear | Militia |
| 30:03 | Crear | Militia |
| 30:15 | Crear | Villager (Male) |
| 30:15 | Crear | Villager (Male) |
| 30:22 | Crear | Villager (Male) |
| 30:22 | Crear | Villager (Male) |
| 31:00 | Investigar | Squires |
| 31:13 | Construir | House |
| 31:16 | Construir | House |
| 31:21 | Construir | House |
| 31:47 | Crear | Militia |
| 31:47 | Crear | Militia |
| 31:47 | Crear | Militia |
| 31:47 | Crear | Militia |
| 31:48 | Crear | Militia |
| 31:48 | Crear | Militia |
| 32:57 | Construir | Town Center |
| 33:14 | Construir | Castle |
| 33:34 | Construir | Barracks |
| 33:37 | Crear | Villager (Male) |
| 33:37 | Crear | Villager (Male) |
| 33:38 | Crear | Villager (Male) |
| 33:43 | Crear | Villager (Male) |
| 33:43 | Crear | Villager (Male) |
| 33:49 | Crear | Villager (Male) |
| 33:50 | Crear | Villager (Male) |
| 33:54 | Crear | Villager (Male) |
| 33:54 | Crear | Villager (Male) |
| 33:57 | Investigar | Fletching |
| 33:57 | Investigar | Fletching |
| 34:11 | Construir | University |
| 34:15 | Crear | Villager (Male) |
| 34:15 | Crear | Villager (Male) |
| 34:50 | Crear | Villager (Male) |
| 34:50 | Crear | Villager (Male) |
| 34:52 | Crear | Villager (Male) |
| 34:52 | Crear | Villager (Male) |
| 35:01 | Crear | Militia |
Build order — brochetjb
Primeras 150 de 569 acciones detectadas
| 1:12 | Construir | Town Center |
| 1:44 | Construir | House |
| 3:06 | Crear | Villager (Male) |
| 3:06 | Crear | Villager (Male) |
| 3:06 | Crear | Villager (Male) |
| 3:07 | Crear | Villager (Male) |
| 4:12 | Crear | Villager (Male) |
| 4:33 | Construir | House |
| 4:38 | Crear | Villager (Male) |
| 5:38 | Crear | Villager (Male) |
| 5:58 | Crear | Villager (Male) |
| 6:08 | Construir | Mill |
| 6:18 | Crear | Villager (Male) |
| 6:18 | Crear | Villager (Male) |
| 6:18 | Crear | Villager (Male) |
| 6:51 | Construir | House |
| 7:27 | Crear | Villager (Male) |
| 7:28 | Crear | Villager (Male) |
| 8:04 | Crear | Villager (Male) |
| 8:09 | Construir | House |
| 8:42 | Crear | Villager (Male) |
| 9:11 | Crear | Villager (Male) |
| 9:48 | Crear | Villager (Male) |
| 9:59 | Construir | Lumber Camp |
| 10:02 | Crear | Villager (Male) |
| 10:26 | Crear | Villager (Male) |
| 10:29 | Construir | House |
| 10:33 | Crear | Villager (Male) |
| 11:06 | Investigar | Feudal Age |
| 11:41 | Crear | Villager (Male) |
| 11:57 | Construir | Mining Camp |
| 12:38 | Crear | Villager (Male) |
| 13:02 | Construir | Mill |
| 13:38 | Edad | Edad Feudal |
| 13:44 | Construir | Market |
| 13:54 | Construir | Blacksmith |
| 14:08 | Investigar | Loom |
| 14:19 | Crear | Villager (Male) |
| 15:09 | Crear | Villager (Male) |
| 15:13 | Investigar | Castle Age |
| 15:26 | Construir | House |
| 15:39 | Crear | Villager (Male) |
| 15:48 | Construir | Barracks |
| 16:01 | Investigar | Double-Bit Axe |
| 16:33 | Construir | House |
| 16:41 | Crear | Villager (Male) |
| 16:59 | Crear | Villager (Male) |
| 17:34 | Investigar | Scale Mail Armor |
| 17:39 | Construir | House |
| 17:58 | Edad | Edad de los Castillos |
| 18:01 | Construir | Town Center |
| 18:09 | Construir | Siege Workshop |
| 18:10 | Crear | Fire Lancer |
| 18:12 | Crear | Villager (Male) |
| 18:22 | Investigar | Chain Mail Armor |
| 19:09 | Crear | Battering Ram |
| 19:14 | Construir | House |
| 19:15 | Crear | Villager (Male) |
| 19:21 | Construir | Mill |
| 19:39 | Crear | Villager (Male) |
| 19:41 | Crear | Fire Lancer |
| 19:43 | Crear | Fire Lancer |
| 20:08 | Crear | Villager (Male) |
| 20:21 | Investigar | Horse Collar |
| 20:29 | Crear | Fire Lancer |
| 20:31 | Crear | Battering Ram |
| 20:36 | Crear | Villager (Male) |
| 20:55 | Crear | Fire Lancer |
| 21:14 | Crear | Battering Ram |
| 21:17 | Crear | Fire Lancer |
| 21:21 | Crear | Villager (Male) |
| 21:23 | Crear | Villager (Male) |
| 21:24 | Crear | Villager (Male) |
| 21:37 | Crear | Fire Lancer |
| 22:01 | Construir | Barracks |
| 22:08 | Investigar | Forging |
| 22:09 | Crear | Villager (Male) |
| 22:14 | Crear | Fire Lancer |
| 22:14 | Crear | Fire Lancer |
| 22:15 | Crear | Fire Lancer |
| 22:35 | Crear | Fire Lancer |
| 22:35 | Crear | Fire Lancer |
| 22:53 | Crear | Villager (Male) |
| 22:53 | Crear | Villager (Male) |
| 23:00 | Crear | Fire Lancer |
| 23:00 | Crear | Fire Lancer |
| 23:46 | Crear | Villager (Male) |
| 23:46 | Crear | Villager (Male) |
| 23:46 | Crear | Villager (Male) |
| 24:47 | Crear | Fire Lancer |
| 24:47 | Crear | Fire Lancer |
| 24:48 | Crear | Fire Lancer |
| 24:48 | Crear | Fire Lancer |
| 25:02 | Crear | Villager (Male) |
| 25:03 | Crear | Villager (Male) |
| 25:03 | Crear | Villager (Male) |
| 25:03 | Crear | Villager (Male) |
| 25:19 | Crear | Battering Ram |
| 25:19 | Crear | Battering Ram |
| 25:31 | Crear | Villager (Male) |
| 25:31 | Crear | Villager (Male) |
| 25:34 | Construir | Farm |
| 25:34 | Construir | Farm |
| 25:34 | Construir | Farm |
| 25:34 | Construir | Farm |
| 25:35 | Construir | Farm |
| 25:43 | Construir | Farm |
| 25:44 | Construir | Farm |
| 25:44 | Construir | Farm |
| 25:44 | Construir | Farm |
| 25:44 | Construir | Farm |
| 25:44 | Construir | Farm |
| 25:56 | Crear | Battering Ram |
| 26:10 | Crear | Villager (Male) |
| 26:10 | Crear | Villager (Male) |
| 26:10 | Crear | Villager (Male) |
| 26:27 | Crear | Fire Lancer |
| 26:27 | Crear | Fire Lancer |
| 26:35 | Crear | Villager (Male) |
| 26:42 | Construir | Farm |
| 26:49 | Crear | Villager (Male) |
| 26:56 | Construir | Castle |
| 27:05 | Crear | Fire Lancer |
| 27:06 | Crear | Fire Lancer |
| 27:11 | Construir | House |
| 27:13 | Construir | House |
| 27:15 | Crear | Villager (Male) |
| 27:15 | Crear | Villager (Male) |
| 27:15 | Crear | Villager (Male) |
| 27:21 | Construir | House |
| 27:38 | Crear | Villager (Male) |
| 27:38 | Crear | Villager (Male) |
| 27:39 | Crear | Villager (Male) |
| 27:52 | Construir | Farm |
| 27:53 | Construir | Farm |
| 28:00 | Crear | Villager (Male) |
| 28:00 | Crear | Villager (Male) |
| 28:03 | Crear | Villager (Male) |
| 28:14 | Construir | House |
| 28:36 | Crear | Fire Lancer |
| 28:37 | Crear | Fire Lancer |
| 28:37 | Crear | Fire Lancer |
| 28:37 | Crear | Fire Lancer |
| 28:37 | Crear | Fire Lancer |
| 28:54 | Crear | Battering Ram |
| 28:54 | Crear | Battering Ram |
| 29:02 | Construir | Watch Tower |
| 30:07 | Construir | Watch Tower |
| 30:44 | Crear | Battering Ram |
| 30:44 | Crear | Battering Ram |
Cronología de la partida
| 8:58 | ohdarling_leo'11 · first_building Dock |
| 13:02 | [PLGRS]YaMmEr'23 · first_building Barracks |
| 13:38 | brochetjb · age_up feudal |
| 14:31 | [PLGRS]YaMmEr'23 · age_up feudal |
| 14:34 | louis77713 · first_building Barracks |
| 15:27 | ohdarling_leo'11 · age_up feudal |
| 15:33 | ohdarling_leo'11 · first_building Stable |
| 15:48 | brochetjb · first_building Barracks |
| 16:20 | louis77713 · age_up feudal |
| 17:58 | brochetjb · age_up castle |
| 18:09 | brochetjb · first_building Siege Workshop |
| 18:13 | louis77713 · first_market_sell 100 wood |
| 18:30 | ohdarling_leo'11 · age_up castle |
| 18:39 | [PLGRS]YaMmEr'23 · first_building Stable |
| 19:17 | louis77713 · first_building Archery Range |
| 21:02 | louis77713 · age_up castle |
| 24:54 | [PLGRS]YaMmEr'23 · age_up castle |
| 26:45 | louis77713 · first_building Castle |
| 26:56 | brochetjb · first_building Castle |
| 28:13 | ohdarling_leo'11 · first_building Castle |
| 29:42 | [PLGRS]YaMmEr'23 · first_building Castle |
| 33:16 | ohdarling_leo'11 · first_market_sell 100 wood |
| 33:18 | ohdarling_leo'11 · first_market_buy 100 food |
| 36:43 | louis77713 · first_building Siege Workshop |
| 37:36 | [PLGRS]YaMmEr'23 · first_building Monastery |
| 39:27 | brochetjb · wall_segment Palisade Wall x1 |
| 41:28 | brochetjb · first_market_sell 100 wood |
| 41:30 | brochetjb · first_market_buy 100 food |
| 44:41 | ohdarling_leo'11 · age_up imperial |
| 44:43 | brochetjb · age_up imperial |
| 45:24 | louis77713 · wall_segment Stone Wall x2 |
| 45:54 | louis77713 · wall_segment Stone Wall x8 |
| 47:34 | louis77713 · wall_segment Stone Wall x11 |
| 47:55 | [PLGRS]YaMmEr'23 · age_up imperial |
| 48:09 | louis77713 · age_up imperial |
| 74:16 | louis77713 · resign |
[ ANÁLISIS IA · 1 CRÉDITO ]
¿Qué pasó realmente en esta partida?
Wolo.gg analiza cada decisión: build order, eco, micro, errores típicos por bracket. Análisis personalizado por WhatsApp o Discord en 30 segundos.
Guía civ
Jemeres
Guía mapa
Graupel
Perfil
ohdarling_leo'11